 Dungeon Crawl Stone Soup version 0.31.0-9-g3a7656b989 (webtiles) character file.

Game seed: 7024774525772394406

84 qw the Shooter (level 4, -1/25 HPs)
             Began as a Deep Elf Hunter on Feb 2, 2024.
             Slain by Robin
             ... wielding a +0 spear
              (3 damage)
             ... on level 2 of the Dungeon.
             The game lasted 00:00:04 (744 turns).

qw the Shooter (Deep Elf Hunter)                     Turns: 744, Time: 00:00:04

Health: -1/25      AC:  3    Str: 10    XL:     4   Next: 23%
Magic:  6/6        EV: 12    Int: 14    God:
Gold:   63         SH:  0    Dex: 18    Spells: 3/3 levels left

rFire   + . .        a - +0 shortbow
rCold   + . .        (shield currently unavailable)
rNeg    . . .        c - +0 leather armour
rPois   .            (no helmet)
rElec   .            d - scarf {rC+ rF+}
rCorr   .            (no gloves)
SInv    .            (no boots)
Will    .....        (no amulet)
Stlth   ++           (no ring)
HPRegen 0.24/turn    (no ring)
MPRegen 0.10/turn

%: no passive effects
@: no status effects
A: no striking features
a: no special abilities


You were on level 2 of the Dungeon.
You visited 1 branch of the dungeon, and saw 2 of its levels.

You collected 63 gold pieces.


   Skills:
 - Level 1.5 Fighting
 + Level 7.6 Ranged Weapons
 - Level 2.4 Dodging
 - Level 1.2 Stealth


You had 3 spell levels left.
You didn't know any spells.
Your spell library was empty.

Inventory:

Hand Weapons
 a - a +0 shortbow (weapon)
Armour
 c - a +0 leather armour (worn)
 d - a scarf of resistance (worn)
Scrolls
 b - a scroll of identify {unknown}
Potions
 e - a potion of degeneration {unknown}
 f - a potion of curing {unknown}

Dungeon Overview and Level Annotations

Branches:
Dungeon (2/15)

Altars:

Annotations:
D:2 Jessica, Robin


Message History

The giant cockroach bites you.
You shoot an arrow. The arrow hits the giant cockroach!
You kill the giant cockroach!
The goblin hits you with a +0 dagger. The goblin barely misses you.
You shoot an arrow. The arrow hits the goblin.
You kill the goblin!
The goblin misses you. The hobgoblin completely misses you.
You shoot an arrow. The arrow hits the goblin.
You kill the goblin!
Robin roars a battlecry!
The goblins go into a battle-frenzy!
The goblin hits you with a +0 dagger. The hobgoblin closely misses you.
The goblin hits you with a +0 dagger. Robin closely misses you.
The hobgoblin hits you.
You shoot an arrow. The arrow barely misses the goblin.
The goblin closely misses you. The hobgoblin closely misses you.
Robin hits you from afar with a +0 spear.
The goblin hits you but does no damage.
You shoot an arrow. The arrow misses the goblin.
The arrow hits the goblin!
You kill the goblin!
The goblin hits you but does no damage. The hobgoblin barely misses you.
Robin throws the goblin at you! The goblin closely misses you.
You shoot an arrow. The arrow hits the goblin.
You kill the goblin!
The goblin hits you but does no damage. The hobgoblin barely misses you.
Jessica casts a spell.
Jessica blinks!
Robin hits you but does no damage.
You shoot an arrow. The arrow hits the goblin.
You kill the goblin!
The hobgoblin barely misses you.
Jessica mumbles some strange words.
Jessica blinks!
Robin throws the goblin at you! The goblin closely misses you.
You shoot an arrow. The arrow misses the goblin.
Robin completely misses you. The hobgoblin barely misses you.
The goblin hits you with a +0 dagger.
You shoot an arrow. The arrow hits the goblin.
You kill the goblin!
Robin hits you from afar with a +0 spear.
You die...
Robin calls out, "Let's celebrate!
Time for a feast!"

.#. ..# ..# .... ...#
..## #..# .@.# ...#
#.####..#
##.########.......######
........................
.....###....#..#........
.# #..##.#......))......
.###..##......##@)).....
...#...........#g.......
...............##g...##.
##.###.........# ..#....
##.....##.....## ).. .#.
##..#####.....# ..=. ..
..... ........ .#).. .
#.##.. .........%.#...#
..# #.##.........


You could see Robin, Jessica and a hobgoblin (strong).

Vanquished Creatures
  An adder (D:2)
  3 dart slugs
  2 ball pythons (D:1)
  3 bats
  3 endoplasms
  2 giant cockroaches
  16 goblins
  4 hobgoblins
  11 jackals (D:1)
  3 kobolds
  5 quokkas (D:1)
  A frilled lizard (D:1)
  2 rats (D:1)
56 creatures vanquished.

Notes
Turn   | Place    | Note
-------+----------+-------------------------------------------
     0 | D:1      | qw the Deep Elf Hunter began the quest for the Orb.
     0 | D:1      | Reached XP level 1. HP: 12/12 MP: 3/3
     0 | D:1      | 0 ||| qw: Version: 0.3-a-155-g5e7d8dd
     0 | D:1      | 0 ||| qw: Game counter: 665
     0 | D:1      | 0 ||| qw: Melee chars always use a shield: true
     0 | D:1      | 0 ||| qw: God list: Okawaru
     0 | D:1      | 0 ||| qw: Allow faded altars: false
     0 | D:1      | 0 ||| qw: Do Orc after clearing Dungeon:15 true
     0 | D:1      | 0 ||| qw: Do second Lair branch before Depths: true
     0 | D:1      | 0 ||| qw: Lair rune preference: random
     0 | D:1      | 0 ||| qw: Goals: Normal
     0 | D:1      | 0 ||| PLANNING D:1-11
    17 | D:1      | 17 ||| RETREEEEATING.
    18 | D:1      | 18 ||| RETREEEEATING.
    30 | D:1      | Reached skill level 6 in Ranged Weapons
    30 | D:1      | Reached XP level 2. HP: 13/16 MP: 4/4
   297 | D:1      | Reached XP level 3. HP: 20/20 MP: 5/5
   321 | D:1      | HP: 3/20 [goblin/+0 club (3)]
   324 | D:1      | Reached skill level 7 in Ranged Weapons
   334 | D:1      | HP: 3/20 [jackal (3)]
   434 | D:1      | Found a faded altar of an unknown god.
   607 | D:1      | 607 ||| UPGRADING to scarf of resistance.
   612 | D:1      | 612 ||| DROPPING scroll of butterflies.
   685 | D:2      | 685 ||| FLEEEEING.
   688 | D:2      | 688 ||| FLEEEEING.
   689 | D:2      | 689 ||| FLEEEEING.
   690 | D:2      | 690 ||| FLEEEEING.
   691 | D:2      | 691 ||| FLEEEEING.
   711 | D:2      | Reached XP level 4. HP: 25/25 MP: 6/6
   730 | D:2      | Noticed Robin
   735 | D:2      | Noticed Jessica
   739 | D:2      | HP: 6/25 [Robin/+0 spear (4)]
   743 | D:2      | HP: 2/25 [goblin/+0 dagger[Robin] (3)]
   744 | D:2      | Slain by Robin

Levels and vault maps discovered:
D:1:      dpeg_arrival_tiny_g, layout_basic, shapermc_ecumenical_altar_acropolis
D:2:      layout_rooms, dreamdust_princess_bridge, uniq_robin, uniq_jessica

Skill      XL: |  1  2  3 |
---------------+----------+-----
Ranged Weapons | 6 7 |  7.6
Fighting       | |  1.5
Dodging        | |  2.4
Stealth        | |  1.2

Action                     |  1- 3 |  4- 6 || total
---------------------------+-------+-------++-------
   Fire: Shortbow          |   131 |    26 ||   157
 Armour: Leather armour    |    53 |    17 ||    70
  Dodge: Dodged            |    65 |    15 ||    80

Table legend:
 A = Non-vault XP
 B = Vault XP
 C = Vault XP percentage of total XP
 D = Non-vault monster count
 E = Vault monster count
 F = Vault count percentage of total count
                 A         B        C        D         E       F
            +---------+---------+-------+---------+---------+-------
      Total |     101 |      21 |  17.2 |      45 |      11 |  19.6
            +---------+---------+-------+---------+---------+-------
        D:1 |      74 |       0 |   0.0 |      37 |       0 |   0.0
        D:2 |      27 |      21 |  43.8 |       8 |      11 |  57.9
            +---------+---------+-------+---------+---------+-------
